 Dungeon Crawl Stone Soup version 0.27.1-3-gb3d3a73c9e (webtiles) character file.

Game seed: 9074707112223878018

72 Crownlay the Digger (level 4, -5/24 HPs)
             Began as a Gargoyle Earth Elementalist on Oct 9, 2021.
             Slain by a scorpion (7 damage)
             ... on level 3 of the Dungeon.
             The game lasted 00:03:23 (2840 turns).

Crownlay the Digger (Gargoyle Earth Elementalist)   Turns: 2840, Time: 00:03:23

Health: -5/24      AC:  6    Str: 12    XL:     4   Next: 25%
Magic:  4/8        EV: 11    Int: 16    God:
Gold:   68         SH:  0    Dex: 10    Spells: 4/8 levels left

rFire    . . .     SeeInvis .   j - +1 hand axe (venom)
rCold    . . .     Faith    .   (no shield)
rNeg     + . .     Spirit   .   b - +0 robe
rPois    ∞         Reflect  .   (no helmet)
rElec    +         Harm     .   (no cloak)
rCorr    .         Rampage  .   g - +0 pair of gloves
Will     .....                  (no boots)
Stlth    ++........             (no amulet)
HPRegen  0.08/turn              (no ring)
MPRegen  0.11/turn              (no ring)

@: no status effects
A: sickness immunity, AC +3, negative energy resistance 1, electricity
resistance, torment resistance 1, petrification resistance
a: no special abilities


You were on level 3 of the Dungeon.
You visited 1 branch of the dungeon, and saw 3 of its levels.

You collected 68 gold pieces.

Inventory:

Hand Weapons
 j - a +1 hand axe of venom (weapon)
Missiles
 c - 51 stones
Armour
 b - a +0 robe (worn)
 g - a +0 pair of gloves (worn)
Scrolls
 d - a scroll of blinking {unknown}
Potions
 a - 2 potions of curing {unknown}
 e - 2 potions of attraction {unknown}
 f - a potion of flight {unknown}
 h - a potion of degeneration {unknown}
 i - a potion of invisibility {unknown}
 k - 2 potions of cancellation {unknown}


   Skills:
 - Level 1.5 Dodging
 - Level 2.1 Stealth
 + Level 2.8 Spellcasting
 - Level 0.7 Transmutations
 * Level 5.3 Earth Magic


You had 4 spell levels left.
You knew the following spells:

 Your Spells              Type           Power      Damage    Failure   Level
a - Sandblast             Erth           38%        2d10      2%          1
b - Stone Arrow           Conj/Erth      20%        3d8       19%         3

Your spell library contained the following spells:

 Spells                   Type           Power      Damage    Failure   Level
 Passwall                 Tmut/Erth      10%        N/A       9%          2
 Freeze                   Ice            8%         1d3       19%         1
 Petrify                  Tmut/Erth      12%        N/A       47%         4
 Frozen Ramparts          Ice            4%         1d2       50%         3
 Hailstorm                Conj/Ice       2%         3d3       88%         4


Dungeon Overview and Level Annotations

Branches:
Dungeon (3/15)

Altars:


Innate Abilities, Weirdness & Mutations

You are immune to sickness and miasma.
Your stone body is resilient. (AC +3)
You are immune to poison.
You resist negative energy. (rN+)
You are resistant to electric shocks. (rElec)
You are resistant to unholy torment.
You are immune to petrification.


Message History

The blast of sand hits the scorpion.
The scorpion is lightly wounded.
The scorpion barely misses you.
The goblin shoots a stone.
The stone hits you but does no damage. The scorpion stings you.
The goblin shoots a stone.
The stone hits you. The scorpion stings you.
* * * LOW HITPOINT WARNING * * *
You climb upwards.
There is a stone staircase leading down here.
The scorpion stings you but does no damage.
You climb downwards.
There is a stone staircase leading up here.
Casting: Sandblast (safe; 2% risk of failure)
Confirm with . or Enter, or press ? or * to list all spells.
Aiming: Sandblast (safe; 2% risk of failure)
Press: ? - help, Shift-Dir - straight line, f - scorpion
Aim: a scorpion (lightly wounded, 79% to hit)
The blast of sand hits the scorpion!
The scorpion is heavily wounded.
The goblin shoots a stone.
The stone closely misses you. The scorpion stings you.
* * * LOW HITPOINT WARNING * * *
Casting: Sandblast (safe; 2% risk of failure)
Confirm with . or Enter, or press ? or * to list all spells.
Aiming: Sandblast (safe; 2% risk of failure)
Press: ? - help, Shift-Dir - straight line, f/p - scorpion
Aim: a scorpion (heavily wounded, 79% to hit)
The blast of sand hits the scorpion.
The scorpion is severely wounded.
The goblin shoots a stone.
The stone hits you but does no damage.
The scorpion stings you but does no damage.
Casting: Sandblast (safe; 2% risk of failure)
Confirm with . or Enter, or press ? or * to list all spells.
Aiming: Sandblast (safe; 2% risk of failure)
Press: ? - help, Shift-Dir - straight line, f/p - scorpion
Aim: a scorpion (severely wounded, 79% to hit)
The blast of sand hits the scorpion but does no damage.
The scorpion is severely wounded.
The scorpion stings you!
You die...

. .. ... . ....
.$. ####.....
.....##.......g
.......@.......
.......s.......
........†.....#
......(.......#
..............#
..............#
..............#
.........$...##


You could see a scorpion and a goblin.

Vanquished Creatures
  An adder (D:2)
  A worm (D:2)
  A dart slug (D:1)
  4 bats
  6 endoplasms
  3 giant cockroaches (D:1)
  4 goblins
  2 hobgoblins
  6 jackals
  3 quokkas
  6 ball pythons
  5 frilled lizards
  5 kobolds
  6 rats
53 creatures vanquished.

Notes
Turn   | Place    | Note
-------+----------+-------------------------------------------
     0 | D:1      | Crownlay the Gargoyle Earth Elementalist began the quest
                  | for the Orb.
     0 | D:1      | Reached XP level 1. HP: 10/10 MP: 3/3
    92 | D:1      | Found a faded altar of an unknown god.
   115 | D:1      | Reached skill level 4 in Earth Magic
   116 | D:1      | Reached XP level 2. HP: 9/15 MP: 3/5
   901 | D:1      | Reached XP level 3. HP: 16/19 MP: 6/6
   905 | D:1      | Learned a level 3 spell: Stone Arrow
  1906 | D:2      | Reached skill level 5 in Earth Magic
  2284 | D:2      | Reached XP level 4. HP: 24/24 MP: 8/8
  2780 | D:3      | Noticed a scorpion
  2838 | D:3      | HP: 1/24 [scorpion (2)]
  2840 | D:3      | Slain by a scorpion

Illustrated notes

Levels and vault maps discovered:
D:1:      dpeg_arrival_prison, layout_loops_ring,
          shapermc_ecumenical_altar_starsandcircs
D:2:      layout_basic
D:3:      layout_rooms, serial_shops, nicolae_square_shop

Skill      XL: |  1  2  3 |
---------------+----------+-----
Earth Magic    | 4 5 |  5.3
Dodging        | |  1.5
Stealth        | |  2.1
Spellcasting   | |  2.8
Transmutations | |  0.7

Action                   |  1- 3 |  4- 6 || total
-------------------------+-------+-------++-------
Melee: Unarmed           |    16 |       ||    16
       Dagger            |   102 |       ||   102
       Hand axe          |    22 |    15 ||    37
 Cast: Sandblast         |    21 |     9 ||    30
 Stab: Sleeping          |     4 |     1 ||     5
Armor: Robe              |    75 |    10 ||    85
Dodge: Dodged            |    89 |    17 ||   106
